 Dungeon Crawl Stone Soup version 0.20.1-1-g8b1a95d (webtiles) character file.

139 Fisto the Grasshopper (level 5, -6/26 HPs)
             Began as a Spriggan Warper on Nov 13, 2017.
             Was an Initiate of Gozag.
             Shot with an arrow by a centaur (8 damage)
             ... on level 6 of the Dungeon.
             The game lasted 00:24:59 (3423 turns).

Fisto the Grasshopper (Spriggan Warper)             Turns: 3423, Time: 00:25:00

Health: -6/26      AC:  2    Str:  5    XL:     5   Next: 1%
Magic:  11/11      EV: 19    Int: 17    God:    Gozag
Gold:   404        SH:  0    Dex: 16    Spells: 2/10 levels left

rFire    . . .     SeeInvis +   q - +0 arbalest
rCold    . . .     Gourm    .   (shield currently unavailable)
rNeg     . . .     Faith    .   o - +0 steam dragon scales
rPois    .         Spirit   .   (helmet restricted)
rElec    .         Reflect  .   (no cloak)
rCorr    .         Harm     .   (gloves unavailable)
MR       +....                  (boots unavailable)
Stlth    ++........             x - amulet of magic regeneration
Regen    0.1/turn               l - ring of protection from magic
MPRegen  0.2/turn               k - ring of see invisible

@: marked, gold aura, very quick
A: unfitting armour, see invisible, clever 1, deformed body, herbivore 3, speed
3, slow metabolism 2, weak 1
a: Potion Petition, Call Merchant, Bribe Branch, Renounce Religion


You were on level 6 of the Dungeon.
You worshipped Gozag.
Gozag was aware of your devotion.
You were hungry.

You visited 1 branch of the dungeon, and saw 6 of its levels.

You collected 424 gold pieces.
You paid 20 gold pieces to Gozag.

Inventory:

Hand Weapons
 a - a +0 spear
 q - a +0 arbalest (weapon)
Missiles
 e - 3 tomahawks
 m - 8 silver tomahawks
 r - 8 poisoned needles
 s - 2 bolts (quivered)
Armour
 b - a +0 robe
 o - +0 steam dragon scales (worn)
Jewellery
 k - a ring of see invisible (right hand)
 l - a ring of protection from magic (left hand)
 t - an uncursed ring of poison resistance {unknown}
 x - an amulet of magic regeneration (around neck)
Wands
 i - a wand of confusion (24/48)
Scrolls
 d - 2 scrolls of blinking
 g - 2 scrolls of remove curse
 u - a scroll of teleportation
 w - a scroll of fear
Potions
 h - 3 potions of heal wounds {unknown}
 j - 2 potions of lignification {unknown}
 n - 2 potions of might {unknown}
 p - a potion of brilliance
 v - a potion of mutation
Books
 c - a book of Spatial Translocations

   Spells                             Type                      Level
   a - Blink                          Translocation                2
   b - Shroud of Golubria             Charms/Translocation         2
   c - Lesser Beckoning               Translocation                3
   d - Gell's Gravitas                Translocation                3
   e - Teleport Other                 Translocation                3
   f - Passage of Golubria            Translocation                4
Comestibles
 f - 2 bread rations


   Skills:
 + Level 2.0 Fighting
 + Level 1.9 Polearms
 + Level 1.9 Crossbows
 - Level 1.0 Throwing
 + Level 4.0 Dodging
 * Level 3.2 Stealth
 + Level 3.4 Spellcasting
 + Level 4.8 Translocations


You had 2 spell levels left.
You knew the following spells:

 Your Spells              Type           Power        Failure   Level  Hunger
a - Blink                 Tloc           N/A          3%          2    ##.....
b - Passage of Golubria   Tloc           N/A          22%         4    ####...
c - Shroud of Golubria    Chrm/Tloc      ##........   10%         2    ##.....


Dungeon Overview and Level Annotations

Branches:
Dungeon (6/15)
 Temple: D:4-7

Altars:
Gozag
Trog
The Shining One

Annotations:
D:5 Blork the orc


Innate Abilities, Weirdness & Mutations

You are very small and have problems with some larger weapons.
You are too small for most types of armour.
You have supernaturally acute eyesight. (SInv)
You are a herbivore.
You cover ground extremely quickly.
You need consume almost no food.
Your mind is acute. (Int +2)
Armour fits poorly on your strangely shaped body.
You are weak. (Str -2)


Message History

Aim: a hound (lightly wounded)
You shoot a bolt. The bolt hits the hound!
The hound is severely wounded.
The centaur wields a shortbow.
The centaur shoots an arrow.
The arrow hits you!
Ouch! That really hurt!
The hound closely misses you.
The centaur shoots an arrow.
The arrow barely misses you.
A centaur comes into view. It is wielding a shortbow.
The centaur shoots an arrow.
The arrow hits you!
* * * LOW HITPOINT WARNING * * *
A bullfrog comes into view.
There is a stone staircase leading down here.
The centaur shoots an arrow.
The arrow barely misses you.
The arrow hits the hound!
The hound dies!
You have reached level 5!
You feel clever.
The centaur shoots an arrow.
The arrow hits you!
You die...
Your body crumbles into a pile of gold.

##############
#.($@....cF..#
#.##########.########
#.##.................
#(##.#.#####)###.....
#.##..#.####.#.#.####
#(#..###.....>...#
#.#...#.####.#.#.#
#.#..#.## #.#.#.#
.#.....# #.#.#.#


You could see a bullfrog and a centaur.

Vanquished Creatures
  4 adders
  An ooze (D:3)
  3 worms
  2 dart slugs
  4 leopard geckos
  5 orcs
  A ball python (D:3)
  3 giant cockroaches
  3 goblins
  3 hobgoblins
  6 jackals (D:2)
  4 kobolds
  A quokka (D:3)
  4 bats
  7 frilled lizards
  A leopard gecko zombie (D:5)
  7 rats
59 creatures vanquished.

Vanquished Creatures (others)
  A hound (D:6)
1 creature vanquished.

Grand Total: 60 creatures vanquished

Notes
Turn   | Place    | Note
-------+----------+-------------------------------------------
     0 | D:1      | Fisto the Spriggan Warper began the quest for the Orb.
     0 | D:1      | Reached XP level 1. HP: 10/10 MP: 5/5
   369 | D:1      | Reached skill level 1 in Stealth
   369 | D:1      | Reached XP level 2. HP: 15/15 MP: 6/6
   648 | D:1      | Learned a level 2 spell: Blink
   858 | D:2      | Found a glowing golden altar of the Shining One.
   866 | D:2      | Found an opulent altar of Gozag.
   974 | D:2      | Reached XP level 3. HP: 13/18 MP: 8/8
  1100 | D:2      | Became a worshipper of Gozag Ym Sagoz the Greedy
  1705 | D:3      | Found a bloodstained altar of Trog.
  1811 | D:3      | Reached XP level 4. HP: 23/23 MP: 9/9
  2279 | D:3      | Reached skill level 1 in Crossbows
  2603 | D:3      | Gained mutation: Armour fits poorly on your strangely shaped body. [potion of mutation]
  2603 | D:3      | Gained mutation: You are weak. (Str -2) [potion of mutation]
  2603 | D:3      | Gained mutation: Your mind is acute. (Int +2) [potion of mutation]
  2622 | D:3      | Learned a level 4 spell: Passage of Golubria
  2627 | D:3      | Learned a level 2 spell: Shroud of Golubria
  2732 | D:5      | Entered Level 5 of the Dungeon
  3121 | D:5      | Noticed Blork the orc
  3183 | D:5      | Noticed an ogre
  3183 | D:5      | Noticed a bullfrog
  3421 | D:6      | Noticed a centaur
  3422 | D:6      | Noticed a bullfrog
  3423 | D:6      | Reached XP level 5. HP: 2/26 MP: 11/11
  3423 | D:6      | Shot with an arrow by a centaur

Skill      XL: |  1  2  3  4 |
---------------+-------------+-----
Stealth        | 1 2 3 |  3.2
Spellcasting   | 3 |  3.4
Dodging        | 4 |  4.0
Crossbows      | 1 |  1.9
Fighting       | 2 |  2.0
Polearms       | |  1.9
Throwing       | |  1.0
Translocations | |  4.8

Action                   |  1- 3 |  4- 6 || total
-------------------------+-------+-------++-------
Melee: Spear             |    60 |       ||    60
 Fire: Arbalest          |    49 |    62 ||   111
Throw: Tomahawk          |       |     6 ||     6
 Cast: Blink             |     7 |     6 ||    13
       Shroud of Golubri |       |     2 ||     2
  Use: Scroll            |     2 |     5 ||     7
       Potion            |       |     1 ||     1
 Stab: Sleeping          |     3 |       ||     3
Armor: Robe              |     7 |       ||     7
       Steam dragon scal |     7 |     2 ||     9
Dodge: Dodged            |    56 |    17 ||    73
